 Dungeon Crawl Stone Soup version 0.21.1-1-g345015f (webtiles) character file.

4587 Yawgmoth the Destroyer (level 10, -10/75 HPs)
             Began as a Naga Wizard on Feb 12, 2018.
             Mangled by a two-headed ogre
             ... wielding a +0 giant spiked club
              (26 damage)
             ... on level 8 of the Dungeon.
             The game lasted 00:52:47 (12069 turns).

Yawgmoth the Destroyer (Naga Wizard)               Turns: 12069, Time: 00:52:48

Health: -10/75     AC:  7    Str:  9      XL:     10   Next: 41%
Magic:  6/24       EV:  9    Int: 23      God:
Gold:   396        SH:  3    Dex:  8 (9)  Spells: 23/29 levels left

rFire    + . .     SeeInvis +   M - +4 great sword (freeze)
rCold    . . .     Gourm    .   (shield currently unavailable)
rNeg     + . .     Faith    .   U - +2 leather armour {rF+}
rPois    +         Spirit   .   b - +0 helmet
rElec    .         Reflect  +   (no cloak)
rCorr    .         Harm     .   (no gloves)
MR       +....                  (no barding)
Stlth    ++........             r - +3 amulet of reflection
HPRegen  0.22/turn              F - ring of positive energy {rN+}
MPRegen  0.19/turn              x - ring of wizardry {Wiz+, !d}

@: short of breath, very slow
A: large, see invisible, deformed body, poison resistance, slowness 2, slow
metabolism 1, spit poison 1, AC +3
a: Spit Poison


You were on level 8 of the Dungeon.
You were not hungry.

You visited 1 branch of the dungeon, and saw 8 of its levels.

You collected 396 gold pieces.

Inventory:

Hand Weapons
 p - a +0 dagger of chaos
   (You took it off a crimson imp on level 6 of the Dungeon)
 y - a +0 shortbow
   (You took it off a centaur on level 6 of the Dungeon)
 G - a +0 mace of protection
   (You took it off an orc priest on level 8 of the Dungeon)
 L - a +3 trident
   (You took it off a wight on level 6 of the Dungeon)
 M - a +4 great sword of freezing (weapon)
   (You took it off a wight on level 6 of the Dungeon)
 P - a +2 whip of electrocution
   (You took it off Pikel on level 8 of the Dungeon)
Missiles
 j - 115 bolts
 k - 154 arrows
 Q - a throwing net {=f, !d}
Armour
 b - a +0 helmet (worn)
   (You took it off Robin on level 3 of the Dungeon)
 q - a +2 ring mail of cold resistance
   (You found it on level 3 of the Dungeon)
 U - a +2 leather armour of fire resistance (worn)
   (You took it off an orc on level 8 of the Dungeon)
Jewellery
 e - a +1 ring of evasion
   (You found it on level 1 of the Dungeon)
 i - an uncursed ring of protection from magic {MR+, !d}
   (You found it on level 4 of the Dungeon)
 r - a +3 amulet of reflection (around neck)
   (You found it on level 4 of the Dungeon)
 x - a ring of wizardry (right hand) {Wiz+, !d}
   (You found it on level 2 of the Dungeon)
 F - a ring of positive energy (left hand) {rN+}
   (You found it on level 5 of the Dungeon)
 I - an uncursed amulet of regeneration {+regen, !d}
   (You found it on level 6 of the Dungeon)
Wands
 o - a wand of polymorph (6)
   (You took it off an orc on level 6 of the Dungeon)
 u - a wand of flame (27)
   (You found it on level 6 of the Dungeon)
 E - a wand of acid (12)
   (You found it on level 5 of the Dungeon)
 J - a wand of disintegration (14)
   (You found it on level 7 of the Dungeon)
Scrolls
 g - 7 scrolls of remove curse
 h - 6 scrolls of identify
 n - a scroll of fog
 v - 3 scrolls of amnesia {unknown}
 z - 2 scrolls of blinking {unknown}
 B - 2 scrolls of teleportation {unknown}
 C - a scroll of enchant weapon {unknown}
 K - a scroll of magic mapping {unknown}
Potions
 a - 3 potions of ambrosia {unknown}
 f - 2 potions of brilliance
 l - 3 potions of haste
 m - 2 potions of heal wounds
 s - 2 potions of lignification {!q}
 t - a potion of magic
 w - 3 potions of curing
 A - a potion of mutation {unknown}
 D - a potion of cancellation {unknown}
 H - 3 potions of might {unknown}
 N - a potion of resistance {unknown}
 R - a potion of berserk rage {unknown}
Books
 c - a book of Minor Magic
Comestibles
 d - 15 rations
 O - 8 chunks of flesh {@w0}


   Skills:
 - Level 1.9 Dodging
 - Level 3.7 Stealth
 + Level 10.1 Spellcasting
 + Level 10.4 Conjurations
   Level 1.0 Summonings
 - Level 1.0 Translocations


You had 23 spell levels left.
You knew the following spells:

 Your Spells              Type           Power        Failure   Level  Hunger
a - Magic Dart            Conj           ####         1%          1    None
b - Blink                 Tloc           N/A          3%          2    None
x - Mephitic Cloud        Conj/Pois/Air  ####....     2%          3    None


Dungeon Overview and Level Annotations

Branches:
Dungeon (8/15)             Temple (0/1) D:7
   Lair: D:8-11

Altars:
Makhleb
Nemelex Xobeh
Trog
Wu Jian
Xom
The Shining One

Annotations:
D:2 2 transporters


Innate Abilities, Weirdness & Mutations

You cannot wear boots.
Your serpentine skin is tough. (AC +3)
You have supernaturally acute eyesight. (SInv)
Armour fits poorly on your strangely shaped body.
Your system is resistant to poisons. (rPois)
You cover ground very slowly.
You have a slow metabolism.
You can spit poison.


Message History

The stinking cloud engulfs the orc priest.
The stinking cloud engulfs the orc.
The orc warrior is engulfed in noxious fumes.
The orc warrior appears confused.
The orc is engulfed in noxious fumes.
The orc appears confused.
The big kobold hits you with a club.
The orc priest is engulfed in noxious fumes.
The orc priest appears confused.
You take 3 damage, and have 48/75 hp.
You now have 13/24 mp.
You hit the orc priest. You freeze the orc priest.
You have got your breath back.
The orc is engulfed in noxious fumes.
The orc appears confused.
The orc priest closely misses the big kobold.
The big kobold hits you with a club.
The orc is engulfed in noxious fumes.
The orc appears confused.
A two-headed ogre comes into view. It is wielding two giant spiked clubs.
You take 4 damage, and have 44/75 hp.
You catch the helpless orc priest completely off-guard!
You slash the orc priest! You freeze the orc priest.
You kill the orc priest!
The big kobold hits you but does no damage.
The orc warrior hits the orc with a war axe.
The orc is killed!
The big kobold hits you with a club.
You take 3 damage, and have 41/75 hp.
You are too injured to fight recklessly!
Unknown command.
The orc completely misses you.
You riposte.
You hit the orc.
The big kobold hits you but does no damage.
Things that are here:
a club; a whip; an orc corpse The big kobold hits you but does no damage.
The two-headed ogre is engulfed in noxious fumes.
The two-headed ogre appears confused.
The orc hits you but does no damage. The big kobold closely misses you.
You riposte.
You closely miss the big kobold. The big kobold barely misses you.
You riposte.
You closely miss the big kobold.
Things that are here:
a vampiric dagger {!w}; a hound corpse
Aim: an orc, wielding a staff of cold and wearing a ring mail (lightly wounded)
The ball explodes into a vile cloud!
The stinking cloud engulfs the orc.
The stinking cloud engulfs the big kobold.
The stinking cloud engulfs you!
The orc is engulfed in noxious fumes.
The orc appears confused.
The two-headed ogre says, "I'm a little confused."
You now have 12/24 mp.
The orc is engulfed in noxious fumes.
The orc appears confused.
The orc closely misses the big kobold.
The orc is engulfed in noxious fumes.
The orc appears confused.
You see here a kobold corpse.
Aim: an orc, wielding a staff of cold and wearing a ring mail (noxious fumes, moderately wounded, confused)
The magic dart hits the orc.
The orc is engulfed in noxious fumes.
The orc appears confused.
Aim: a big kobold, wielding a club and wearing a leather armour (severely wounded)
The magic dart hits the big kobold.
You now have 11/24 mp.
Aim: a big kobold, wielding a club and wearing a leather armour (severely wounded)
The magic dart hits the big kobold.
You now have 10/24 mp.
Aim: a big kobold, wielding a club and wearing a leather armour (almost dead)
The magic dart hits the big kobold.
You now have 9/24 mp.
Aim: a big kobold, wielding a club and wearing a leather armour (almost dead)
The magic dart hits the big kobold.
You kill the big kobold!
You now have 8/24 mp.
Aim: a two-headed ogre, wielding two giant spiked clubs The splash of poison hits the two-headed ogre.
The two-headed ogre is poisoned.
You feel slightly more hungry.
Aim: a two-headed ogre, wielding two giant spiked clubs (moderately wounded, poisoned)
The magic dart hits the two-headed ogre.
You now have 8/24 mp.
Aim: a two-headed ogre, wielding two giant spiked clubs (moderately wounded, poisoned)
The magic dart hits the two-headed ogre.
The two-headed ogre looks more healthy.
Aim: a two-headed ogre, wielding two giant spiked clubs (heavily wounded)
The magic dart hits the two-headed ogre.
You now have 7/24 mp.
You closely miss the two-headed ogre.
You have got your breath back.
The two-headed ogre hits you with a giant spiked club.
The two-headed ogre barely misses you. You block the two-headed ogre's attack.
The two-headed ogre barely misses you.
You take 5 damage, and have 40/75 hp.
Aim: a two-headed ogre, wielding two giant spiked clubs (heavily wounded)
The magic dart hits the two-headed ogre.
You now have 6/24 mp.
Aim: a two-headed ogre, wielding two giant spiked clubs (heavily wounded)
The magic dart hits the two-headed ogre.
The two-headed ogre closely misses you.
You riposte.
You barely miss the two-headed ogre.
The two-headed ogre hits you with a giant spiked club!!
* * * LOW HITPOINT WARNING * * *
You take 24 damage, and have 16/75 hp.
MASSIVE DAMAGE!!
You now have 5/24 mp.
Aim: a two-headed ogre, wielding two giant spiked clubs (heavily wounded)
The splash of poison hits the two-headed ogre.
The two-headed ogre is poisoned.
You feel slightly more hungry.
The two-headed ogre hits you with a giant spiked club!!
You die...

#####...#.......##.....
#...#...).)........
#...#....))†......# ##..
#...#.)...........##....
#..)#####)#.............
#.......#)###.........#
#....)..#†....#....... .
#.......#..O........#...
#####..p#..@.......o....
#...#.......<..o.#
#...#............#
#...#...........##
#########...#.#...##...##
#)..........#.#######.##
#....p......#. .#
#...........#. ..
##...######'## ..


You could see a two-headed ogre.

Vanquished Creatures
  Pikel (D:8)
  A hippogriff (D:8)
  A wraith (D:6)
  A water moccasin (D:6)
  2 black bears (D:8)
  2 ice beasts
  A sky beast (D:8)
  A slave (D:8)
  A phantom (D:8)
  7 ogres
  An orc warrior (D:7)
  2 centaurs
  A big kobold (D:8)
  4 bullfrogs (D:6)
  A water moccasin zombie (D:6)
  2 wyvern skeletons (D:6)
  A scorpion (D:6)
  3 wights (D:6)
  3 crimson imps (D:6)
  A quasit (D:7)
  2 centaur zombies (D:6)
  3 bullfrog zombies (D:6)
  4 hounds
  A jelly (D:5)
  10 orc priests
  2 centaur skeletons
  10 orc wizards
  2 bullfrog skeletons
  Jessica (D:3)
  4 iguanas
  3 worker ants
  A killer bee zombie (D:6)
  A hound skeleton (D:6)
  A howler monkey zombie (D:6)
  5 worker ant zombies
  Robin (D:3)
  10 adders
  7 gnolls
  3 shadow imps
  An ooze (D:6)
  2 adder zombies
  3 worms
  2 dart slugs
  6 leopard geckos
  42 orcs
  3 giant cockroaches
  14 goblins
  11 hobgoblins
  3 jackals (D:2)
  9 kobolds
  5 quokkas
  2 ball pythons
  A ball python zombie (D:6)
  10 bats
  9 frilled lizards
  A leopard gecko zombie (D:6)
  3 quokka zombies
  9 rats
244 creatures vanquished.

Vanquished Creatures (others)
  A quasit (D:8)
  A hound (D:8)
  3 orcs (D:8)
  2 kobolds (D:8)
  3 withered plants (D:6)
10 creatures vanquished.

Grand Total: 254 creatures vanquished

Notes
Turn   | Place    | Note
-------+----------+-------------------------------------------
     0 | D:1      | Yawgmoth the Naga Wizard began the quest for the Orb.
     0 | D:1      | Reached XP level 1. HP: 15/15 MP: 4/4
   209 | D:1      | Reached XP level 2. HP: 20/22 MP: 0/6
   604 | D:1      | Reached XP level 3. HP: 28/28 MP: 0/7
  1537 | D:2      | Found a bloodstained altar of Trog.
  1563 | D:2      | Reached skill level 2 in Conjurations
  1631 | D:2      | Found a transporter.
  1640 | D:2      | Noticed a bullfrog
  1645 | D:2      | Found a glowing golden altar of the Shining One.
  1676 | D:2      | Found a transporter.
  1766 | D:2      | HP: 7/28 [jackal (1)]
  1767 | D:2      | HP: 3/28 [jackal (1)]
  1974 | D:2      | Reached XP level 4. HP: 23/36 MP: 0/9
  2431 | D:2      | Found a sparkling altar of Nemelex Xobeh.
  2520 | D:3      | Noticed Jessica
  2523 | D:3      | Killed Jessica
  2598 | D:3      | Reached skill level 4 in Spellcasting
  2679 | D:3      | Reached skill level 3 in Conjurations
  2679 | D:3      | Reached XP level 5. HP: 34/42 MP: 2/11
  3028 | D:3      | Noticed Robin
  3129 | D:3      | Killed Robin
  3263 | D:3      | Found an ornate altar of the Wu Jian Council.
  3710 | D:4      | Learned a level 2 spell: Blink
  3714 | D:4      | Learned a level 3 spell: Mephitic Cloud
  3761 | D:4      | Noticed an ogre
  3768 | D:4      | HP: 7/42 [ogre/giant club (20)]
  3769 | D:4      | Killed an ogre
  3769 | D:4      | Reached skill level 4 in Conjurations
  3769 | D:4      | Reached XP level 6. HP: 8/49 MP: 1/13
  4160 | D:4      | Reached skill level 5 in Spellcasting
  4832 | D:4      | Reached XP level 7. HP: 51/55 MP: 1/14
  5190 | D:4      | Reached skill level 5 in Conjurations
  5352 | D:5      | Entered Level 5 of the Dungeon
  5833 | D:5      | Reached skill level 6 in Spellcasting
  6165 | D:5      | Reached skill level 6 in Conjurations
  6165 | D:5      | Reached XP level 8. HP: 52/62 MP: 8/17
  7233 | D:6      | Reached skill level 7 in Spellcasting
  7239 | D:6      | Reached skill level 7 in Conjurations
  7748 | D:6      | Reached XP level 9. HP: 67/68 MP: 12/20
  7787 | D:6      | Reached skill level 8 in Conjurations
  7792 | D:6      | Reached skill level 8 in Spellcasting
  8052 | D:6      | HP: 16/68 [wyvern skeleton (10)]
  9114 | D:6      | Reached skill level 9 in Conjurations
  9349 | D:6      | Found a burning altar of Makhleb.
  9350 | D:6      | Found a shimmering altar of Xom.
  9356 | D:6      | Paralysed by a crimson imp for 2 turns
  9708 | D:7      | Reached skill level 9 in Spellcasting
 10591 | D:7      | Found a staircase to the Ecumenical Temple.
 10726 | D:8      | Reached XP level 10. HP: 75/75 MP: 20/23
 11587 | D:8      | Reached skill level 10 in Conjurations
 11875 | D:8      | Noticed Pikel
 11887 | D:8      | Killed Pikel
 11887 | D:8      | Reached skill level 10 in Spellcasting
 12048 | D:8      | Noticed a two-headed ogre
 12068 | D:8      | HP: 16/75 [two-headed ogre/giant spiked club (24)]
 12069 | D:8      | Mangled by a two-headed ogre

Skill      XL: |  1  2  3  4  5  6  7  8  9 10 |
---------------+-------------------------------+-----
Conjurations   | 2 3 4 6 7 9 10 | 10.4
Spellcasting   | 4 5 6 7 9 10 | 10.1
Dodging        | |  1.9
Stealth        | |  3.7
Summonings     | |  1.0
Translocations | |  1.0

Action                   |  1- 3 |  4- 6 |  7- 9 | 10-12 || total
-------------------------+-------+-------+-------+-------++-------
Melee: Unarmed           |    10 |       |       |       ||    10
       Quarterstaff      |    14 |     8 |       |       ||    22
       Spear             |       |     1 |       |       ||     1
       Dagger            |       |    16 |     8 |       ||    24
       Hand axe          |       |     8 |       |       ||     8
       Trident           |       |       |    41 |     5 ||    46
       Great sword       |       |       |    30 |    32 ||    62
 Cast: Magic Dart        |    86 |   174 |   420 |   143 ||   823
       Blink             |       |       |     2 |     2 ||     4
       Mephitic Cloud    |       |       |     7 |    10 ||    17
 Abil: Spit Poison       |     8 |    20 |    28 |    12 ||    68
  Use: Potion            |     1 |       |     2 |       ||     3
       Scroll            |       |     8 |     1 |       ||     9
 Stab: Confused          |       |       |       |     1 ||     1
  Eat: Ration            |     1 |     1 |     2 |       ||     4
       Chunk             |       |     3 |    10 |     4 ||    17
Armor: Robe              |    17 |     3 |       |       ||    20
       Ring mail         |       |    24 |   114 |    30 ||   168
       Leather armour    |       |     4 |       |    34 ||    38
       Skin              |       |       |    17 |       ||    17
Dodge: Dodged            |    37 |    29 |    91 |    52 ||   209
Block: Other             |       |     2 |    30 |    21 ||    53
       Reflection        |       |       |     1 |       ||     1
       Rpst.: Great sword |       |       |     9 |     8 ||    17

Vault maps used:
D:1:      elethiomel_arrival_maze, hangedman_decor_opposing, st_stairs_8,
          minmay_quantized
D:2:      gammafunk_temple_overflow_arena, marbit_many_paths, bloody_trog
D:3:      lemuel_round_altar, uniq_robin, uniq_jessica
D:4:      nicolae_overflow_hidden_temple
D:5:      first_ration
D:6:      grunt_temple_overflow_champion_of_chaos, serial_undead,
          serial_undead_f, serial_undead_e, serial_undead_e, serial_undead_d
D:7:      minmay_temple_entry_from_below_b, supply_closet_lemuel,
          grunt_ogre_cave
D:8:      kennysheep_blocky_hall, fedhas_altar_1, nicolae_two_hexagons,
          uniq_pikel, uniq_maurice

Table legend:
 A = Turns spent in this place as a percentage of turns spent in the entire game.
 B = Non-inter-level travel turns spent in this place as a percentage of non-inter-level travel turns spent in the entire game.
 C = Inter-level travel turns spent in this place as a percentage of turns spent in this place.
 D = Turns resting spent in this place as a percentage of non-inter-level travel turns spent in this place.
 E = Turns spent auto-exploring this place as a percentage of non-inter-level travel turns spent in this place.
 F = Non-inter-level travel turns spent in this place divided by the number of levels of this place that you've seen.
                   A       B       C       D       E      F
               +-------+-------+-------+-------+-------+----------------------
         Total | 100.0 | 100.0 |   3.0 |  46.2 |  30.6 | 1463.2
       Dungeon | 100.0 | 100.0 |   3.0 |  46.2 |  30.6 | 1463.2
               +-------+-------+-------+-------+-------+----------------------

Table legend:
 A = Kills in this place as a percentage of kills in entire the game.
 B = Kills by you in this place as a percentage of kills by you in the entire game.
 C = Kills by friends in this place as a percentage of kills by friends in the entire game.
 D = Other kills in this place as a percentage of other kills in the entire game.
 E = Experience gained in this place as a percentage of experience gained in the entire game.
 F = Experience gained in this place divided by the number of levels of this place that you have seen.
                   A       B       C       D       E      F
               +-------+-------+-------+-------+-------+----------------------
         Total | 100.0 | 100.0 |   N/A | 100.0 | 100.0 | 819.1
       Dungeon | 100.0 | 100.0 |   N/A | 100.0 | 100.0 | 819.1
               +-------+-------+-------+-------+-------+----------------------
